 Dungeon Crawl Stone Soup version 0.26-a0-667-g92642533e4 (webtiles) character file.

Game seed: 4229915739190005549

100 zazu2006 the Magician (level 4, 0/36 HPs)
             Began as a Naga Hedge Wizard on Oct 17, 2020.
             Slain by a white imp (5 damage)
             ... summoned by Natasha
             ... on level 3 of the Dungeon.
             The game lasted 00:03:30 (2742 turns).

zazu2006 the Magician (Naga Hedge Wizard)           Turns: 2742, Time: 00:03:30

Health: 0/36       AC:  2    Str: 12    XL:     4   Next: 73%
Magic:  10/10      EV: 10    Int: 16    God:
Gold:   130        SH:  0    Dex: 10    Spells: 2/11 levels left

rFire    . . .     SeeInvis +   g - +2 dagger (venom)
rCold    . . .     Faith    .   (no shield)
rNeg     . . .     Spirit   .   b - +0 robe
rPois    +         Reflect  .   c - +0 hat
rElec    .         Harm     .   (no cloak)
rCorr    .         Rampage  .   (no gloves)
MR       .....                  (no barding)
Stlth    ++........             (no amulet)
HPRegen  0.12/turn              (no ring)
MPRegen  0.12/turn              (no ring)

@: very slow
A: large, see invisible, deformed body, poison resistance, slowness 2, spit
poison 1, AC +1
a: Spit Poison


You were on level 3 of the Dungeon.
You visited 1 branch of the dungeon, and saw 3 of its levels.

You collected 130 gold pieces.

Inventory:

Hand Weapons
 g - a +2 dagger of venom (weapon)
Armour
 b - a +0 robe (worn)
 c - a +0 hat (worn)
Wands
 p - a wand of paralysis (7)
Scrolls
 a - a scroll of teleportation {unknown}
 h - 3 scrolls of remove curse {unknown}
 l - a scroll of identify {unknown}
 o - a scroll of fog {unknown}
 q - a scroll of blinking {unknown}
 r - a scroll of fear {unknown}
Potions
 d - a potion of ambrosia {unknown}
 e - 2 potions of lignification {unknown}
 f - a potion of might {unknown}
 i - 2 potions of curing {unknown}
 j - a potion of mutation {unknown}
 k - a potion of brilliance {unknown}
 m - a potion of heal wounds {unknown}
 n - a potion of stabbing {unknown}


   Skills:
 + Level 0.2 Fighting
 + Level 1.8 Dodging
 + Level 3.7 Stealth
 + Level 4.1 Spellcasting
 + Level 2.0 Conjurations
   Level 1.0 Summonings
 + Level 1.0 Translocations
 * Level 1.4 Poison Magic


You had 2 spell levels left.
You knew the following spells:

 Your Spells              Type           Power        Failure   Level
a - Magic Dart            Conj           #...         8%          1
b - Mephitic Cloud        Conj/Pois/Air  #.......     30%         3
c - Conjure Flame         Conj/Fire      #.......     32%         3
d - Blink                 Tloc           N/A          17%         2

Your spell library contained the following spells:

 Spells                   Type           Power        Failure   Level
 Call Imp                 Summ           #.......     17%         2
 Slow                     Hex            #.......     26%         2


Dungeon Overview and Level Annotations

Branches:
Dungeon (3/15)

Altars:
Yredelemnul

Annotations:
D:3 Natasha


Innate Abilities, Weirdness & Mutations

You cannot wear boots.
Your serpentine skin is tough. (AC +1)
You have supernaturally acute eyesight. (SInv)
Armour fits poorly on your strangely shaped body.
Your system is resistant to poisons. (rPois)
You cover ground very slowly.
You can spit poison.


Message History

You hit the hobgoblin.
You kill the hobgoblin!
Natasha mumbles some strange words.
Natasha shimmers violently.
Natasha mumbles some strange words.
You closely miss the white imp. The white imp hits you.
The white imp freezes you.
You hit the white imp but do no damage. The white imp hits you.
The white imp freezes you.
You closely miss the white imp. The white imp hits you.
The white imp freezes you.
You hit the white imp but do no damage. The white imp hits you.
The white imp freezes you.
* * * LOW HITPOINT WARNING * * *
You closely miss the white imp.
Natasha mumbles some strange words.
The white imp hits you.
* * * LOW HITPOINT WARNING * * *
The white imp freezes you.
You die...

#......#### #...#
#......# #...###......###
#...#..........##
#...#............ ######
#...#............ #.....
#...#..........(.
##.....##...#............
.'..5.h5@...'............
##....w######..........#.
........#####..........#.
..............##'#...###.
..............##.#...# #.
..............##.##### #.
..............##'#######.
........##..###..........
. ##. ..........


You could see a worm, an iron imp (summoned), Natasha and a white imp
(summoned).

Vanquished Creatures
  3 adders (D:3)
  An ooze (D:3)
  A worm (D:2)
  3 dart slugs
  2 leopard geckos
  5 bats
  A giant cockroach (D:2)
  3 goblins
  14 hobgoblins
  2 jackals (D:1)
  A quokka (D:3)
  A ball python (D:1)
  4 frilled lizards
  8 kobolds
  7 rats
56 creatures vanquished.

Notes
Turn   | Place    | Note
-------+----------+-------------------------------------------
     0 | D:1      | zazu2006 the Naga Hedge Wizard began the quest for the Orb.
     0 | D:1      | Reached XP level 1. HP: 15/15 MP: 4/4
   278 | D:1      | Reached XP level 2. HP: 22/22 MP: 3/6
   630 | D:1      | Reached XP level 3. HP: 28/28 MP: 2/8
   690 | D:1      | Learned a level 3 spell: Mephitic Cloud
   694 | D:1      | Learned a level 3 spell: Conjure Flame
   697 | D:1      | Learned a level 2 spell: Blink
  1322 | D:2      | Found a basalt altar of Yredelemnul.
  2224 | D:3      | Reached skill level 4 in Spellcasting
  2224 | D:3      | Reached skill level 1 in Poison Magic
  2224 | D:3      | Reached XP level 4. HP: 32/36 MP: 3/10
  2733 | D:3      | Noticed Natasha
  2742 | D:3      | Slain by a white imp

Illustrated notes

Levels and vault maps discovered:
D:1:      dpeg_arrival_water_temple_mockup, layout_rooms
D:2:      layout_basic, lemuel_doored_altar
D:3:      layout_basic, chequers_ecumenical_altar_twisty, uniq_natasha

Skill      XL: |  1  2  3  4 |
---------------+-------------+-----
Spellcasting   | 4 |  4.1
Poison Magic   | 1 |  1.4
Conjurations   | 2 |  2.0
Fighting       | |  0.2
Dodging        | |  1.8
Stealth        | |  3.7
Summonings     | |  1.0
Translocations | |  1.0

Action                   |  1- 3 |  4- 6 || total
-------------------------+-------+-------++-------
Melee: Dagger            |    39 |    21 ||    60
 Cast: Magic Dart        |    87 |    22 ||   109
 Abil: Spit Poison       |    10 |     3 ||    13
Armor: Robe              |     4 |     1 ||     5
Dodge: Dodged            |    22 |     7 ||    29

Table legend: (Time is in decaauts)
 A = Elapsed time spent in this place.
 B = Non-inter-level travel time spent in this place.
 C = Inter-level travel time spent in this place.
 D = Time resting spent in this place.
 E = Time spent auto-exploring this place.
 F = Levels seen in this place.
 G = Mean time per level.
                   A        B        C        D        E       F      G
               +--------+--------+--------+--------+--------+-----+--------+
         Total |   3228 |   3186 |     42 |     31 |   2799 |   3 | 1076.0 |
       Dungeon |   3228 |   3186 |     42 |     31 |   2799 |   3 | 1076.0 |
               +--------+--------+--------+--------+--------+-----+--------+

Top non-repeatable levels by time:
     D:1: 1300 daAuts
     D:2: 1127 daAuts
     D:3: 800 daAuts
